 Dungeon Crawl Stone Soup version 0.32-a0-43-g058985b245 (webtiles) character file.

Game seed: 4507879939929618235

634 cforsyth the Trooper (level 7, 0/56 HPs)
             Began as a Djinni Warper on Feb 3, 2024.
             Was a Believer of Okawaru.
             Slain by an iguana (12 damage)
             ... on level 5 of the Dungeon.
             The game lasted 00:05:09 (4234 turns).

cforsyth the Trooper (Djinni Warper)                Turns: 4234, Time: 00:05:10

Health: 0/56       AC:  3    Str: 10    XL:     7   Next: 78%
Gold:   153        EV: 11    Int: 16    God:    Okawaru [**....] SH:  0 Dex: 13

rFire   + + .        a - +0 falchion
rCold   x . .        (no shield)
rNeg    . . .        b - +0 leather armour
rPois   ∞            (no helmet)
rElec   .            (no cloak)
rCorr   .            (no gloves)
SInv    .            (boots unavailable)
Will    .....        (no amulet)
Stlth   +            (no ring)
HPRegen 0.29/turn    (no ring)
MPRegen 0.00/turn

%: infuse magic (-1 HP)
@: flying
A: sickness immunity, fire resistance 2, cold vulnerability 1, float, innate
caster, HP casting, extra vitality 1
a: Renounce Religion, Heroism


You were on level 5 of the Dungeon.
You worshipped Okawaru.
Okawaru was pleased with you.
You visited 1 branch of the dungeon, and saw 5 of its levels.

You collected 213 gold pieces.
You spent 60 gold pieces at shops.

Inventory:

Hand Weapons
 a - a +0 falchion (weapon)
Missiles
 d - 7 darts of dispersal
 u - 8 poisoned darts
Armour
 b - a +0 leather armour (worn)
Wands
 l - a wand of paralysis (14)
Scrolls
 c - a scroll of blinking
 e - a scroll of torment {unknown}
 h - 2 scrolls of immolation {unknown}
 i - a scroll of butterflies {unknown}
 k - 2 scrolls of fear {unknown}
 m - a scroll of identify
 p - 2 scrolls of teleportation
 q - a scroll of brand weapon {unknown}
Potions
 f - 2 potions of invisibility
 g - a potion of ambrosia
 j - 3 potions of heal wounds
 n - a potion of curing
 o - a potion of berserk rage {unknown}
 r - a potion of haste {unknown}
 s - a potion of brilliance {unknown}
 t - 2 potions of lignification {unknown}
 v - a potion of attraction {unknown}


   Skills:
 + Level 6.0 Fighting
 - Level 1.7 Long Blades
 - Level 0.7 Throwing
 - Level 1.0 Armour
 - Level 2.1 Dodging
 + Level 5.1 Spellcasting
 + Level 5.1 Conjurations
 + Level 5.1 Hexes
 + Level 5.1 Summonings
 + Level 5.1 Necromancy
 + Level 5.1 Translocations
 + Level 5.1 Fire Magic
 + Level 5.1 Ice Magic
 + Level 5.1 Air Magic
 + Level 5.1 Earth Magic
 + Level 5.1 Alchemy


You knew the following spells:

 Your Spells              Type           Power      Damage    Failure   Level
a - Blink                 Tloc           40%        N/A       3%          2
b - Lesser Beckoning      Tloc           40%        N/A       3%          2
c - Teleport Other        Tloc           20%        N/A       8%          3
d - Manifold Assault      Tloc           20%        N/A       24%         4
e - Vhi's Electric Charg  Tloc/Air       40%        N/A       24%         4
f - Necrotise             Necr           80%        1d8       2%          1
g - Scorch                Fire           40%        2d6       3%          2
h - Swiftness             Air            20%        N/A       8%          3
Your spell library was empty.

Dungeon Overview and Level Annotations

Branches:
Dungeon (5/15)             Temple (0/1) D:4

Altars:
Okawaru

Shops:
D:3 (   D:4 ?


Innate Abilities, Weirdness & Mutations

You are immune to sickness and miasma.
You are immune to poison.
Your flesh is very heat resistant. (rF++)
You are vulnerable to cold. (rC-)
You float through the air rather than walking.
You learn spells naturally, not from books.
Your magical power is your life essence.
You have superior vitality. (+4 MHP)


Message History

Flames lash the orc.
The orc is lightly wounded.
The orc's fire resistance burns away.
The orc hits you but does no damage.
Flames lash the orc.
The orc is burned terribly!
You kill the orc!
Okawaru accepts your kill.
Flames lash the phantom.
The phantom is moderately damaged.
The phantom's fire resistance burns away.
The phantom hits you.
The phantom blinks!
You blink.
Found a viscous green potion and a scroll of identify.
Found a stone staircase leading up.
Flames lash the phantom.
The phantom is burned terribly!
The phantom is heavily damaged.
You hear a shout!
The phantom completely misses you.
You hear an angry hiss.
Your magical contamination has completely faded away.
Flames lash the phantom.
The phantom is burned terribly!
The phantom is severely damaged.
The phantom hits you.
The phantom blinks!
You blink.
An ogre comes into view. It is wielding a +0 giant spiked club.
Found a ring mail.
The ogre hits you with a +0 giant spiked club!!
* * * LOW HITPOINT WARNING * * *
An iguana comes into view.
You are too injured to fight recklessly!
You are too injured to fight recklessly!
You are too injured to fight recklessly!
You are too injured to fight recklessly!
Casting: Scorch (safe; 3% risk of failure)
Confirm with . or Enter, or press ? or * to list all spells.
You blink.
* * * LOW HITPOINT WARNING * * *
Unknown command.
Found 4 stones.
You feel ready to blink again.
You see here 4 stones.
The iguana bites you!
You die...

.#......# ..# .#......# #.#
.#......##### #.# .§.# ..
..# #.# ...<....# #.# #.#
##..###.###.###.############
....# #....................#
##..###..##.####l###(#.###.
......W..##.# #@###O#.##
#?......O.O.# #.##.....##
#.#...####### #.##..#......
..... #.......###.. #.###.
####........ # #. #.#######
.. ..# .. .## .


You could see an iguana.

Vanquished Creatures
  Sigmund (D:4)
  An ogre (D:4)
  2 hounds
  An orc priest (D:3)
  Jessica (D:2)
  Terence (D:2)
  An iguana (D:3)
  A sleepcap (D:4)
  6 gnolls (D:4)
  3 adders
  2 ufetubi
  3 ribbon worms
  2 dart slugs
  13 orcs
  9 endoplasms
  2 giant cockroaches
  8 goblins
  10 hobgoblins
  3 jackals (D:1)
  2 quokkas
  3 ball pythons
  6 bats
  4 frilled lizards
  6 kobolds
  4 rats
95 creatures vanquished.

Vanquished Creatures (collateral kills)
  A frilled lizard (D:2)
1 creature vanquished.

Grand Total: 96 creatures vanquished

Notes
Turn   | Place    | Note
-------+----------+-------------------------------------------
     0 | D:1      | cforsyth the Djinni Warper began the quest for the Orb.
     0 | D:1      | cforsyth set off with the following spells memorised:
                  | Blink, Lesser Beckoning, Teleport Other, Manifold Assault,
                  | Vhi's Electric Charge.
     0 | D:1      | Reached XP level 1. HP: 18/18 MP: 0/0
    72 | D:1      | Reached XP level 2. HP: 6/23 MP: 0/0
   753 | D:1      | Reached XP level 3. HP: 29/29 MP: 0/0
   753 | D:1      | Learned a level 1 spell: Necrotise
  1226 | D:2      | Noticed Jessica
  1232 | D:2      | Killed Jessica
  1233 | D:2      | Reached skill level 3 in Fighting
  1233 | D:2      | Reached XP level 4. HP: 31/35 MP: 0/0
  1526 | D:2      | Noticed Terence
  1533 | D:2      | Killed Terence
  1534 | D:2      | Reached XP level 5. HP: 36/41 MP: 0/0
  1534 | D:2      | Learned a level 2 spell: Scorch
  2110 | D:3      | Reached skill level 4 in Fighting
  2208 | D:3      | Found Macu's Weapon Shoppe.
  2325 | D:3      | Found a faded altar of an unknown god.
  2380 | D:3      | Prayed at the altar of an unknown god.
  2380 | D:3      | Became a worshipper of Warmaster Okawaru
  2380 | D:3      | Reached * piety under Okawaru
  2720 | D:3      | Reached XP level 6. HP: 37/48 MP: 0/0
  3110 | D:4      | Noticed an ogre
  3241 | D:4      | Noticed Sigmund
  3245 | D:4      | Killed Sigmund
  3246 | D:4      | Reached skill level 5 in Fighting
  3246 | D:4      | Reached XP level 7. HP: 48/54 MP: 0/0
  3246 | D:4      | Learned a level 3 spell: Swiftness
  3293 | D:4      | Found Etuok's Magic Scroll Emporium.
  3308 | D:4      | Bought a scroll of teleportation for 36 gold pieces
  3308 | D:4      | Bought a scroll of identify for 24 gold pieces
  3646 | D:4      | Found a staircase to the Ecumenical Temple.
  3732 | D:4      | Reached skill level 5 in Spellcasting
  3732 | D:4      | Reached skill level 5 in Conjurations
  3732 | D:4      | Reached skill level 5 in Hexes
  3732 | D:4      | Reached skill level 5 in Summonings
  3732 | D:4      | Reached skill level 5 in Necromancy
  3732 | D:4      | Reached skill level 5 in Translocations
  3732 | D:4      | Reached skill level 5 in Fire Magic
  3732 | D:4      | Reached skill level 5 in Ice Magic
  3732 | D:4      | Reached skill level 5 in Air Magic
  3732 | D:4      | Reached skill level 5 in Earth Magic
  3732 | D:4      | Reached skill level 5 in Alchemy
  3770 | D:4      | Reached ** piety under Okawaru
  3967 | D:4      | Identified the +5 short sword of the Pyrrhic Victory
                  | {speed, rPois Will+}
  4068 | D:5      | Entered Level 5 of the Dungeon
  4076 | D:5      | Reached skill level 6 in Fighting
  4234 | D:5      | Slain by an iguana

Illustrated notes

Levels and vault maps discovered:
D:1:      arrival_zaba_pyramid, layout_basic
D:2:      layout_loops_ring, dk_noncrumbling_2, uniq_terence, uniq_jessica
D:3:      layout_loops_ring, hellmonk_ecumenical_altar_leap_of_faith,
          serial_shops, shop, minmay_starry_boxes
D:4:      layout_rooms, temple_hall, serial_shops, nicolae_diamond_shop,
          uniq_sigmund
D:5:      layout_loops_cross, kennysheep_generic_room_12

Skill      XL: |  1  2  3  4  5  6  7 |
---------------+----------------------+-----
Spellcasting   | 3 4 5 |  5.1
Conjurations   | 3 4 5 |  5.1
Hexes          | 3 4 5 |  5.1
Summonings     | 3 4 5 |  5.1
Necromancy     | 3 4 5 |  5.1
Translocations | 3 4 5 |  5.1
Fire Magic     | 3 4 5 |  5.1
Ice Magic      | 3 4 5 |  5.1
Air Magic      | 3 4 5 |  5.1
Earth Magic    | 3 4 5 |  5.1
Alchemy        | 3 4 5 |  5.1
Fighting       | 3 4 5 6 |  6.0
Long Blades    | |  1.7
Throwing       | |  0.7
Armour         | |  1.0
Dodging        | |  2.1

Action                     |  1- 3 |  4- 6 |  7- 9 || total
---------------------------+-------+-------+-------++-------
  Melee: Falchion          |    66 |       |       ||    66
   Cast: Necrotise         |    26 |    30 |       ||    56
         Scorch            |       |    56 |    56 ||   112
         Blink             |       |       |     1 ||     1
    Use: Scroll            |       |       |     5 ||     5
 Armour: Leather armour    |    51 |    12 |    17 ||    80
  Dodge: Dodged            |    44 |    21 |    19 ||    84

Table legend: (Time is in decaauts)
 A = Elapsed time spent in this place.
 B = Non-inter-level travel time spent in this place.
 C = Inter-level travel time spent in this place.
 D = Time resting spent in this place.
 E = Time spent auto-exploring this place.
 F = Levels seen in this place.
 G = Mean time per level.
                   A        B        C        D        E       F      G
               +--------+--------+--------+--------+--------+-----+--------+
         Total |   4248 |   4123 |    125 |    188 |   3303 |   5 |  849.6 |
       Dungeon |   4248 |   4123 |    125 |    188 |   3303 |   5 |  849.6 |
               +--------+--------+--------+--------+--------+-----+--------+

Top non-repeatable levels by time:
     D:1: 1155 daAuts
     D:2: 1044 daAuts
     D:3: 1041 daAuts
     D:4: 966 daAuts
     D:5: 42 daAuts
